 Dungeon Crawl Stone Soup version 0.27-a0-1245-g940ed4fa31 (webtiles) character file.

Game seed: 10145869482596645749

1736 freelancePsychic the Grappler (level 8, -6/83 HPs)
             Began as a Troll Earth Elementalist on June 10, 2021.
             Hit by a large rock thrown by a cyclops (21 damage)
             ... on level 6 of the Dungeon.
             The game lasted 00:08:54 (3787 turns).

freelancePsychic the Grappler (TrEE)                Turns: 3787, Time: 00:08:55

Health: -6/83      AC:  5    Str: 19    XL:     8   Next: 76%
Magic:  0/8        EV:  9    Int: 11    God:
Gold:   291        SH:  0    Dex: 10    Spells: 8/9 levels left

rFire    . . .     SeeInvis .     - Unarmed
rCold    . . .     Faith    .   (no shield)
rNeg     . . .     Spirit   +   c - +1 robe
rPois    .         Reflect  .   (helmet restricted)
rElec    .         Harm     .   (no cloak)
rCorr    .         Rampage  .   (gloves unavailable)
Will     .....                  (boots unavailable)
Stlth    +.........             t - amulet of guardian spirit
HPRegen  1.23/turn              g - ring of flight
MPRegen  0.11/turn              (no ring)

@: flying, studying Slings
A: large, unfitting armour, claws 3, regeneration 1, shaggy fur 1, tough skin 1
a: no special abilities


You were on level 6 of the Dungeon.
You visited 1 branch of the dungeon, and saw 6 of its levels.

You collected 291 gold pieces.

Inventory:

Missiles
 b - 127 stones
 k - 2 throwing nets
Armour
 c - a +1 robe (worn)
Jewellery
 g - a ring of flight (left claw)
 t - an amulet of guardian spirit (around neck)
Wands
 s - a wand of paralysis (8)
Scrolls
 h - a scroll of enchant armour
 i - 2 scrolls of fog
 j - a scroll of vulnerability
Potions
 d - 2 potions of lignification {unknown}
 e - a potion of curing {@q1}
 f - 2 potions of haste {unknown}
 m - a potion of invisibility {unknown}
 n - a potion of degeneration {unknown}
 o - a potion of brilliance {unknown}
 p - a potion of flight {unknown}
 q - a potion of ambrosia {unknown}


   Skills:
 + Level 6.0 Fighting
 - Level 1.5 Dodging
 - Level 1.0 Stealth
 - Level 8.5 Unarmed Combat
 - Level 1.2 Spellcasting
 - Level 0.6 Transmutations
 - Level 2.6 Earth Magic


You had 8 spell levels left.
You knew the following spells:

 Your Spells              Type           Power      Damage    Failure   Level
a - Sandblast             Erth           12%        2d6       11%         1

Your spell library contained the following spells:

 Spells                   Type           Power      Damage    Failure   Level
 Passwall                 Tmut/Erth      3%         N/A       24%         2
 Stone Arrow              Conj/Erth      6%         3d7       50%         3
 Confusing Touch          Hex            0%         N/A       67%         3
 Gell's Gravitas          Tloc           0%         N/A       67%         3
 Petrify                  Tmut/Erth      4%         N/A       85%         4
 Lee's Rapid Deconstruct  Erth           3%         3d6*      96%         5
 Metabolic Englaciation   Hex/Ice        0%         N/A       100%        5
 Yara's Violent Unravell  Hex/Tmut       0%         3d3       100%        5


Dungeon Overview and Level Annotations

Branches:
Dungeon (6/15)
 Temple: D:4-7

Altars:
Okawaru
Vehumet
The Shining One


Innate Abilities, Weirdness & Mutations

You are too large for most types of armour.
You have claws for hands.
Your natural rate of healing is unusually fast.
You are covered in fur. (AC +1)
You have tough skin. (AC +1)


Message History

The cyclops hits you!!
You are too injured to fight recklessly!
You are too injured to fight recklessly!
You are too injured to fight recklessly!
You are too injured to fight recklessly!
You are too injured to fight recklessly!
You are too injured to fight recklessly!
You are too injured to fight recklessly!
You are too injured to fight recklessly!
You are too injured to fight recklessly!
You are too injured to fight recklessly!
You are too injured to fight recklessly!
You are too injured to fight recklessly!
You are too injured to fight recklessly!
You are too injured to fight recklessly!
You are too injured to fight recklessly!
You are too injured to fight recklessly!
You barely miss the cyclops.
The cyclops is lightly wounded.
You scratch the cyclops but do no damage.
The cyclops is lightly wounded.
The cyclops hits you.
You claw the cyclops!
The cyclops is lightly wounded.
You scratch the cyclops but do no damage.
The cyclops is lightly wounded.
The cyclops hits you but does no damage.
You scratch the cyclops but do no damage.
The cyclops is lightly wounded.
The cyclops hits you!!
You claw the cyclops!
The cyclops is moderately wounded.
You scratch the cyclops.
The cyclops is heavily wounded.
The cyclops hits you!!
* * * LOW HITPOINT WARNING * * *
The cyclops throws a large rock.
The large rock completely misses you.
There is a stone staircase leading up here.
The cyclops throws a large rock.
The large rock hits you!!
You die...

....##.#.##..
##........#..
............
#..(...(..
#........######
#...#.........)
.......$#####
....#.......#.##
. #.@..C>.^..#
#.....###..##.#
.....##.# ..#
##... ... ....
##. .... ..... .
####.. ....## ..
##### .#.


You could see a cyclops.

Vanquished Creatures
  A yak (D:4)
  3 water moccasins
  Duvessa (D:4)
  A black bear (D:5)
  3 ogres
  A phantom (D:4)
  A scorpion (D:4)
  Dowan (D:4)
  A water moccasin skeleton (D:5)
  A jelly (D:4)
  A wight (D:3)
  A bullfrog zombie (D:5)
  2 orc priests
  A hound (D:4)
  2 bullfrog skeletons (D:5)
  2 iguanas
  2 orc wizards
  A hound skeleton (D:4)
  3 gnolls (D:5)
  7 adders
  4 dart slugs
  23 orcs
  A bat (D:1)
  8 endoplasms
  6 giant cockroaches
  4 goblins
  11 hobgoblins
  9 kobolds
  5 quokkas
  4 ball pythons
  A frilled lizard (D:2)
  23 rats
135 creatures vanquished.

Notes
Turn   | Place    | Note
-------+----------+-------------------------------------------
     0 | D:1      | freelancePsychic the Troll Earth Elementalist began the
                  | quest for the Orb.
     0 | D:1      | Reached XP level 1. HP: 16/16 MP: 1/1
    54 | D:1      | Reached skill level 1 in Unarmed Combat
   179 | D:1      | Reached XP level 2. HP: 24/24 MP: 2/2
   225 | D:1      | Reached skill level 2 in Unarmed Combat
   345 | D:1      | Found a faded altar of an unknown god.
   597 | D:2      | Reached XP level 3. HP: 31/31 MP: 3/3
   923 | D:2      | Reached skill level 3 in Unarmed Combat
  1338 | D:3      | Found a radiant altar of Vehumet.
  1440 | D:3      | Reached XP level 4. HP: 37/39 MP: 4/4
  1645 | D:3      | Reached skill level 4 in Unarmed Combat
  1780 | D:3      | Found a glowing golden altar of the Shining One.
  2082 | D:4      | Reached XP level 5. HP: 45/45 MP: 5/5
  2210 | D:4      | Reached skill level 5 in Unarmed Combat
  2247 | D:4      | Noticed an ogre
  2259 | D:4      | Killed an ogre
  2304 | D:4      | Reached XP level 6. HP: 53/53 MP: 6/6
  2316 | D:4      | Reached skill level 6 in Unarmed Combat
  2357 | D:4      | Noticed Dowan
  2365 | D:4      | Noticed Duvessa
  2449 | D:4      | Killed Duvessa
  2450 | D:4      | Reached skill level 7 in Unarmed Combat
  2451 | D:5      | Entered Level 5 of the Dungeon
  2464 | D:5      | Noticed a yak
  2474 | D:4      | Reached XP level 7. HP: 58/59 MP: 7/7
  2531 | D:4      | Killed Dowan
  2581 | D:4      | Killed a yak
  2582 | D:4      | Reached skill level 8 in Unarmed Combat
  2900 | D:4      | Reached skill level 1 in Fighting
  3106 | D:4      | Found an iron altar of Okawaru.
  3152 | D:5      | Reached XP level 8. HP: 50/74 MP: 8/8
  3352 | D:4      | Reached skill level 5 in Fighting
  3538 | D:5      | Identified the +0 helmet of Nierph {rElec rF+}
  3541 | D:5      | Identified the -5 cloak "Jajosh" {Rampage Regen+}
  3772 | D:6      | Noticed a cyclops
  3787 | D:6      | Hit by a large rock thrown by a cyclops

Illustrated notes

Levels and vault maps discovered:
D:1:      matt_arrival_spirals, layout_basic, ebering_ecumenical_altar_webs,
          minmay_misc_feat_encased, minmay_pentomino_w2
D:2:      layout_loops_ring
D:3:      layout_loops_ring, nicolae_tso_carved_into_rock, vehumet_crystals,
          serial_glass, glass_columns_c, glass_columns_c, minmay_ruptured
D:4:      layout_basic, marbit_many_paths, minmay_rat_hole, uniq_duvessa
D:5:      layout_cave_pools, minmay_manual_mess
D:6:      layout_rooms, minivault_10, amcnicky_mini_rare_corridor_liquid,
          nicolae_underground_beach, uniq_sigmund

Skill      XL: |  1  2  3  4  5  6  7  8 |
---------------+-------------------------+-----
Unarmed Combat | 1 2 3 4 5 7 8 |  8.5
Fighting       | 2 6 |  6.0
Dodging        | |  1.5
Stealth        | |  1.0
Spellcasting   | |  1.2
Transmutations | |  0.6
Earth Magic    | |  2.6

Action                   |  1- 3 |  4- 6 |  7- 9 || total
-------------------------+-------+-------+-------++-------
Melee: Unarmed           |   103 |   134 |   142 ||   379
       Punch             |     1 |     4 |     8 ||    13
  Use: Scroll            |       |     6 |     3 ||     9
       Potion            |       |       |     3 ||     3
 Stab: Sleeping          |     3 |     5 |       ||     8
Armor: Robe              |    28 |    37 |    39 ||   104
Dodge: Dodged            |    43 |    50 |    59 ||   152

Table legend: (Time is in decaauts)
 A = Elapsed time spent in this place.
 B = Non-inter-level travel time spent in this place.
 C = Inter-level travel time spent in this place.
 D = Time resting spent in this place.
 E = Time spent auto-exploring this place.
 F = Levels seen in this place.
 G = Mean time per level.
                   A        B        C        D        E       F      G
               +--------+--------+--------+--------+--------+-----+--------+
         Total |   3753 |   3650 |    103 |    108 |   2633 |   6 |  625.5 |
       Dungeon |   3753 |   3650 |    103 |    108 |   2633 |   6 |  625.5 |
               +--------+--------+--------+--------+--------+-----+--------+

Top non-repeatable levels by time:
     D:4: 1166 daAuts
     D:3: 825 daAuts
     D:2: 626 daAuts
     D:1: 574 daAuts
     D:5: 546 daAuts
     D:6: 15 daAuts
